 Dungeon Crawl Stone Soup version 0.28-a0-909-g796cbd3a86 (webtiles) character file.

Game seed: 15125705373611035201

16134 devnull the Fighter (level 12, -3/110 HPs)
             Began as a Minotaur Abyssal Knight on Nov 24, 2021.
             Was an Elder of Lugonu.
             Slain by a skeletal warrior (8 damage)
             ... led by a skeletal warrior
             ... on level 12 of the Dungeon on Nov 25, 2021.
             The game lasted 00:40:15 (17080 turns).

devnull the Fighter (Minotaur Abyssal Knight)      Turns: 17080, Time: 00:40:16

Health: -3/110     AC: 27    Str: 22    XL:     12   Next: 7%
Magic:  15/17      EV:  5    Int: 14    God:    Lugonu [****..]
Gold:   1404       SH: 14    Dex:  7    Spells: 11/11 levels left

rFire   . . .      SeeInvis .   c - +0 hand axe (elec)
rCold   . . .      Faith    .   U - +0 tower shield
rNeg    . . .      Spirit   .   P - +13 chain mail of Serendipity {Fly Int+7 Dex-5 Slay+3}
rPois   .          Reflect  .   (helmet restricted)
rElec   .          Harm     .   (no cloak)
rCorr   .          Rampage  .   F - +0 pair of gloves
Will    .....                   n - +0 pair of boots
Stlth   ..........              (no amulet)
HPRegen 0.28/turn               (no ring)
MPRegen 0.15/turn               (no ring)

@: flying
A: horns 2, retaliatory headbutt
a: Renounce Religion, Depart the Abyss, Bend Space, Banish, Corrupt


You were on level 12 of the Dungeon.
You worshipped Lugonu.
Lugonu was greatly pleased with you.
You visited 1 branch of the dungeon, and saw 12 of its levels.
You visited the Abyss 1 time.
You also visited: Ossuary and Bailey.

You collected 1512 gold pieces.
You spent 108 gold pieces at shops.

Inventory:

Hand Weapons
 a - the +5 whip "Orb Guardian's Death" {flame, rElec rC+}
   (You found it on level 6 of the Dungeon)

   It burns those it strikes, dealing additional fire damage.
   rC:        It protects you from cold.
   rElec:     It insulates you from electricity.
 b - a +0 war axe
 c - a +0 hand axe of electrocution (weapon)
 L - a +1 hand axe
Missiles
 f - 51 poisoned darts (quivered)
 V - 6 curare-tipped darts
Armour
 n - a +0 pair of boots (worn)
 r - a +0 chain mail
 F - a +0 pair of gloves (worn)
 G - a +0 scale mail of willpower
 P - the +13 chain mail of Serendipity (worn) {Fly Int+7 Dex-5 Slay+3}
   (You took it off a kobold in a bailey)

   Int:       It affects your intelligence (+7).
   Dex:       It affects your dexterity (-5).
   Slay:      It affects your accuracy & damage with ranged weapons and melee
   (+3).
   Fly:       It grants you flight.
 U - a +0 tower shield (worn)
Jewellery
 d - a +6 ring of strength
 m - a +6 ring of strength
 E - a +6 ring of intelligence
 J - a ring of protection from cold
 N - a ring of fire
Wands
 K - a wand of flame (24)
 Q - a wand of mindburst (9)
 R - a wand of iceblast (11)
 T - a wand of paralysis (3)
 W - a wand of charming (5)
Scrolls
 e - 8 scrolls of teleportation
 h - 5 scrolls of fog
 o - a scroll of magic mapping
 x - 3 scrolls of fear
 y - a scroll of summoning
 z - a scroll of brand weapon {unknown}
 A - 2 scrolls of vulnerability
 B - 2 scrolls of blinking
 D - 2 scrolls of enchant weapon {unknown}
 M - a scroll of amnesia {unknown}
 O - a scroll of acquirement {unknown}
 S - 2 scrolls of identify
Potions
 g - 3 potions of heal wounds {unknown}
 i - 4 potions of curing
 j - 2 potions of invisibility {unknown}
 k - a potion of attraction {unknown}
 l - 2 potions of haste {unknown}
 p - 2 potions of ambrosia {unknown}
 q - 9 potions of degeneration
 s - 2 potions of cancellation {unknown}
 t - a potion of brilliance {unknown}
 u - 2 potions of mutation
 v - 2 potions of lignification
 w - 3 potions of magic {unknown}
 C - 2 potions of resistance {unknown}
 H - 4 potions of flight
 I - 3 potions of berserk rage {unknown}


   Skills:
 + Level 11.4 Fighting
 + Level 11.0 Axes
 + Level 10.9 Armour
 - Level 1.2 Dodging
 + Level 10.5 Shields
 + Level 9.1 Invocations


You had 11 spell levels left.
You didn't know any spells.
Your spell library contained the following spells:

 Spells                   Type           Power      Damage    Failure   Level
 Animate Skeleton         Necr           0%         N/A       100%        1
 Pain                     Necr           0%         1d4       100%        1
 Passwall                 Tmut/Erth      0%         N/A       100%        2
 Conjure Flame            Conj/Fire      0%         6-21      100%        3
 Ignite Poison            Fire/Tmut/Pois 0%         N/A       100%        3
 Swiftness                Air            0%         N/A       100%        3
 Vampiric Draining        Necr           0%         2d6       100%        3
 Animate Dead             Necr           0%         N/A       100%        4
 Sticky Flame             Conj/Fire      0%         2d3       100%        4
 Haunt                    Necr/Summ      0%         N/A       100%        7
 Infestation              Necr           0%         N/A       100%        8


Dungeon Overview and Level Annotations

Branches:
Dungeon (12/15)            Temple (0/1) D:6            Lair (0/6) D:9
    Orc (0/2) D:9         Ossuary (visited)          Bailey (visited)

Altars:
Ashenzari
Cheibriados
Fedhas
Gozag
Hepliaklqana
Kikubaaqudgha
Makhleb
Nemelex Xobeh
Ru
Uskayaw
Vehumet
Wu Jian
The Shining One
Beogh

Shops:
D:1 **   D:6 =

Annotations:
D:5 3 runed translucent doors, bande's ghost, novice GrFi
D:6 2 transporters, tatocazan's ghost, novice DsFi
D:7 up
Abyss:1 Grinder; Harold; Maggie


Innate Abilities, Weirdness & Mutations

You have a pair of horns on your head.
You reflexively headbutt those who attack you in melee.


Message History

The skeletal warrior is severely damaged.
You hit the skeletal warrior but do no damage.
The skeletal warrior hits you with a +0 halberd.
The skeletal warrior barely misses you.
Unknown command.
You hit the skeletal warrior.
The skeletal warrior is severely damaged.
You hit the skeletal warrior but do no damage.
You block the skeletal warrior's attack.
The skeletal warrior hits you with a +0 glaive!!
* * * LOW HITPOINT WARNING * * *
Unknown command.
You closely miss the skeletal warrior.
The skeletal warrior is severely damaged.
You closely miss the skeletal warrior.
You block the skeletal warrior's attack. x2
The skeletal warrior hits you but does no damage.
Unknown command.
You hit the skeletal warrior but do no damage.
You headbutt the skeletal warrior, but do no damage.
The skeletal warrior is severely damaged.
You hit the skeletal warrior but do no damage.
The skeletal warrior hits you with a +0 glaive.
* * * LOW HITPOINT WARNING * * *
Unknown command.
You hit the skeletal warrior but do no damage.
The skeletal warrior is severely damaged.
You hit the skeletal warrior but do no damage.
Lightning courses through the skeletal warrior!
The skeletal warrior hits you with a +0 halberd!
* * * LOW HITPOINT WARNING * * *
The skeletal warrior hits you but does no damage.
You block the skeletal warrior's attack.
The skeletal warrior hits you but does no damage.
The skeletal warrior hits you from afar with a +0 halberd!
* * * LOW HITPOINT WARNING * * *
The skeletal warrior hits you from afar with a +0 glaive!
* * * LOW HITPOINT WARNING * * *
The skeletal warrior hits you from afar with a +0 halberd!
You die...

#+###.....#######.. #.....#..
...........).|..# . #..z..#..
............<...# #.....#.z
................#########.....##z
.......................###+#.....
..............z........# #.....
#########.....z........# +.....
.z......#..............# #.....
........#.......@......# #.....
........#..............# #.....
........#..............# #.....
..####'##...........>..# #.....
###....z....######......
#.........# ...... #....>....#
...... #.........# ......
##.........#


You could see 2 skeletal warriors.

Vanquished Creatures
  A boulder beetle (D:12)
  A centaur warrior (D:11)
  A skeletal warrior (D:12)
  Pikel (D:7)
  A cyclops (D:12)
  A gargoyle (D:12)
  A kobold demonologist (D:12)
  2 hornets
  Sigmund (D:6)
  A wyvern (D:9)
  17 yaks
  A steam dragon (D:6)
  2 wargs (D:9)
  An acid dragon (D:12)
  2 water moccasins
  5 orc warriors
  A black bear (D:7)
  An ogre (D:3)
  A hornet zombie (D:7)
  A lemure (D:7)
  4 centaurs
  A phantom (D:6)
  A kobold brigand (D:9)
  2 bullfrogs (D:9)
  2 gnoll sergeants
  A wyvern zombie (D:7)
  3 scorpions
  2 elf skeletons (D:4)
  A wyvern skeleton (D:6)
  2 water moccasin skeletons
  16 killer bees
  A howler monkey (D:10)
  2 bullfrog zombies
  5 centaur zombies
  3 hounds
  3 jellies
  3 human zombies (Ossuary)
  2 bullfrog skeletons
  5 orc priests
  3 centaur skeletons
  3 human skeletons (D:4)
  2 iguanas (D:7)
  5 orc wizards (D:9)
  2 killer bee zombies
  A hound skeleton (D:5)
  6 mummies (Ossuary)
  Robin (D:2)
  15 gnolls
  8 adders
  2 shadow imps
  A white imp (D:8)
  3 ufetubi
  An adder skeleton (D:5)
  A worm (D:3)
  3 dart slugs
  29 orcs
  8 endoplasms
  4 giant cockroaches
  18 hobgoblins
  10 jackals
  25 kobolds
  2 quokkas
  6 ball pythons
  A bat (D:1)
  7 frilled lizards
  19 goblins
  A hobgoblin zombie (Ossuary)
  2 kobold zombies (Ossuary)
  An orc zombie (D:4)
  9 rats
301 creatures vanquished.

Vanquished Creatures (others)
  2 fungi (D:1)
  A plant (D:1)
3 creatures vanquished.

Grand Total: 304 creatures vanquished

Notes
Turn   | Place    | Note
-------+----------+-------------------------------------------
     0 | Abyss:1  | devnull the Minotaur Abyssal Knight began the quest for the
                  | Orb.
     0 | Abyss:1  | Reached XP level 1. HP: 19/19 MP: 1/1
    23 | Abyss:1  | Found a hide-covered altar of Uskayaw.
    76 | Abyss:1  | Noticed a small abomination
    99 | Abyss:1  | Noticed a thrashing horror
    99 | Abyss:1  | Noticed a rakshasa
    99 | Abyss:1  | Noticed an apocalypse crab
    99 | Abyss:1  | Noticed a wretched star
   100 | D:1      | Escaped the Abyss
   260 | D:1      | Reached * piety under Lugonu
   304 | D:1      | Reached XP level 2. HP: 27/27 MP: 2/2
   400 | D:1      | Found Velackokk's Assorted Antiques.
   819 | D:1      | Found Yma Teu's Assorted Antiques.
   922 | D:1      | Reached XP level 3. HP: 26/33 MP: 3/3
  1153 | D:1      | Reached skill level 1 in Shields
  1640 | D:2      | Reached XP level 4. HP: 24/41 MP: 4/4
  1922 | D:2      | Found a sparkling altar of Nemelex Xobeh.
  2144 | D:2      | Reached ** piety under Lugonu
  2151 | D:2      | Noticed Robin
  2166 | D:2      | Killed Robin
  2625 | D:3      | Found a faded altar of an unknown god.
  2728 | D:3      | Found a broken altar of Ashenzari.
  2947 | D:3      | Reached XP level 5. HP: 47/47 MP: 5/5
  3113 | D:3      | Noticed an ogre
  3320 | D:3      | Killed an ogre
  3554 | D:3      | Found a snail-covered altar of Cheibriados.
  3586 | D:3      | Reached skill level 5 in Fighting
  3586 | D:3      | Reached XP level 6. HP: 48/56 MP: 7/7
  4147 | D:4      | Found a hazy altar of Hepliaklqana.
  4481 | D:4      | Found a sand-covered staircase.
  4492 | Ossuary  | Entered an ossuary
  4725 | Ossuary  | Reached XP level 7. HP: 61/61 MP: 8/8
  4980 | Ossuary  | Reached *** piety under Lugonu
  5053 | Ossuary  | Reached skill level 5 in Axes
  5111 | D:4      | Reached skill level 5 in Armour
  5651 | D:5      | Entered Level 5 of the Dungeon
  5664 | D:5      | Found a radiant altar of Vehumet.
  5694 | D:5      | Noticed Grinder
  5695 | D:5      | Paralysed by Grinder for 7 turns
  5705 | D:5      | Paralysed by Grinder for 4 turns
  5711 | D:5      | Banished Grinder
  5712 | D:5      | Reached XP level 8. HP: 55/70 MP: 1/10
  5798 | D:5      | Found an ornate altar of the Wu Jian Council.
  5943 | D:5      | Found a glowing golden altar of the Shining One.
  6275 | D:5      | Found a runed translucent gate.
  6275 | D:5      | Found a runed translucent gate.
  6276 | D:5      | Found a runed translucent gate.
  6277 | D:5      | Noticed bande's ghost (novice GrFi)
  6586 | D:5      | Reached skill level 5 in Shields
  7127 | D:6      | Reached skill level 5 in Invocations
  7166 | D:6      | Found a transporter.
  7167 | D:6      | Noticed tatocazan's ghost (novice DsFi)
  7169 | D:6      | Found a transporter.
  7715 | D:6      | Found a staircase to the Ecumenical Temple.
  7727 | D:6      | Identified the +5 whip "Orb Guardian's Death" {flame, rElec
                  | rC+}
  7998 | D:6      | Found Adiol's Jewellery Boutique.
  8050 | D:6      | Found a blossoming altar of Fedhas.
  8110 | D:6      | Reached XP level 9. HP: 77/79 MP: 12/12
  8375 | D:6      | Noticed Sigmund
  8390 | D:6      | Killed Sigmund
  9063 | D:7      | Found an opulent altar of Gozag.
  9093 | D:7      | Noticed Pikel
  9115 | D:7      | Killed Pikel
  9353 | D:7      | Noticed Maggie
  9370 | D:7      | Banished Maggie
  9420 | D:7      | Noticed Harold
  9421 | D:7      | Banished Harold
  9422 | D:7      | Reached XP level 10. HP: 90/90 MP: 8/13
  9768 | D:7      | Found an ancient bone altar of Kikubaaqudgha.
 10579 | D:1      | Bought a scroll of identify for 54 gold pieces
 10579 | D:1      | Bought a scroll of identify for 54 gold pieces
 10740 | D:8      | Found a burning altar of Makhleb.
 10778 | D:8      | Found a hide-covered altar of Uskayaw.
 10808 | D:8      | You fall into a shaft and drop 1 floor!
 10819 | D:10     | Entered Level 10 of the Dungeon
 10964 | D:10     | Found a flagged portal.
 11125 | Bailey   | Entered a bailey
 11154 | Bailey   | Identified the +13 chain mail of Serendipity {Fly Int+7
                  | Dex-5 Slay+3}
 11155 | Bailey   | Noticed an orc knight
 11159 | Bailey   | Noticed an orc knight
 11302 | Bailey   | Banished an orc knight
 11327 | Bailey   | Banished an orc knight
 11612 | D:10     | Paralysed by a hornet for 2 turns
 11819 | D:9      | Reached **** piety under Lugonu
 13026 | D:9      | Found a staircase to the Orcish Mines.
 13043 | D:9      | Reached skill level 10 in Fighting
 13043 | D:9      | Reached XP level 11. HP: 79/99 MP: 15/15
 13134 | D:9      | Found a staircase to the Lair.
 13315 | D:9      | Noticed a two-headed ogre
 13316 | D:9      | Banished a two-headed ogre
 13567 | D:9      | Found a sacrificial altar of Ru.
 13892 | D:10     | Reached skill level 10 in Axes
 13899 | D:10     | Reached skill level 10 in Armour
 13961 | D:10     | Noticed a two-headed ogre
 13971 | D:10     | Banished a two-headed ogre
 14265 | D:10     | Noticed a two-headed ogre
 14267 | D:10     | Banished a two-headed ogre
 14917 | D:11     | Noticed a two-headed ogre
 14919 | D:11     | Banished a two-headed ogre
 15317 | D:11     | Noticed a centaur warrior
 15326 | D:11     | Killed a centaur warrior
 15327 | D:11     | Reached skill level 10 in Shields
 16164 | D:12     | Noticed a boulder beetle
 16188 | D:12     | Killed a boulder beetle
 16189 | D:12     | Reached XP level 12. HP: 91/110 MP: 17/17
 17079 | D:12     | HP: 5/110 [skeletal warrior (9)]
 17080 | D:12     | Slain by a skeletal warrior

Illustrated notes

Levels and vault maps discovered:
D:1:      tarquinn_simple_flora_water_f, layout_basic, serial_shops,
          nicolae_diamond_shop, nicolae_shop_hallway_stairs
D:2:      layout_loops_ring, basic_altar, uniq_robin
D:3:      layout_loops_corners, mainiacjoe_overflow_concentric_impassable,
          mainiacjoe_overflow_catwalk, shapermc_ecumenical_altar_totnotflames
D:4:      layout_basic, mainiacjoe_overflow_chevrons,
          nicolae_ossuary_entry_catacombs, roderic_filled_cross
D:5:      minmay_diamond_boxcup, layout_basic, mainiacjoe_overflow_alcove_2,
          nzn_wu_jian_council_hall, tso_altar, ebering_ghost_rock_garden,
          uniq_grinder
D:6:      layout_loops_corners, mainiacjoe_overflow_six_doors_small,
          minmay_temple_entry_butterflies, serial_shops,
          nicolae_take_the_stairs, gammafunk_ghost_smash, uniq_sigmund
D:7:      layout_basic, lemuel_crystal_altar, kiku_gazebo_pond_becter,
          sigmund_army, uniq_harold, uniq_maggie, uniq_pikel
D:8:      layout_basic, mainiacjoe_overflow_large_starburst
D:9:      layout_loops_cross, nicolae_ru_path_of_blood,
          erik_lair_orcish_takeover, minmay_orc_entry_temple_small,
          nicolae_straight_to_the_point
D:10:     layout_roguey, serial_glass, glass_columns_a, glass_columns_a,
          enter_bailey_3, corexii_hall_statues_x
D:11:     layout_loops_cross
D:12:     layout_gridville, uniq_azrael

Skill      XL: |  1  2  3  4  5  6  7  8  9 10 11 12 |
---------------+-------------------------------------+-----
Fighting       | 4 5 6 7 8 10 11 | 11.4
Invocations    | 2 3 4 5 6 7 9 |  9.1
Axes           | 3 4 5 6 8 9 10 11 | 11.0
Shields        | 1 2 3 4 5 7 8 10 | 10.5
Armour         | 3 4 5 6 8 9 10 | 10.9
Dodging        | |  1.2

Action                   |  1- 3 |  4- 6 |  7- 9 | 10-12 || total
-------------------------+-------+-------+-------+-------++-------
Melee: Hand axe          |    85 |    97 |       |   247 ||   429
       Headbutt          |    10 |    29 |    59 |    62 ||   160
       War axe           |       |    62 |   309 |   210 ||   581
       Whip              |       |       |    10 |       ||    10
Throw: Dart              |       |     8 |       |       ||     8
Invok: Depart the Abyss  |     1 |       |       |       ||     1
       Bend Space        |       |     1 |       |       ||     1
       Banish            |       |       |     4 |    11 ||    15
  Use: Scroll            |     1 |     1 |     3 |     6 ||    11
       Potion            |       |       |       |     2 ||     2
Armor: Leather armour    |    17 |    13 |       |       ||    30
       Scale mail        |       |    11 |    49 |    51 ||   111
       Ring mail         |       |     3 |       |       ||     3
       Chain mail        |       |    32 |   114 |   255 ||   401
       Skin              |       |       |       |     4 ||     4
Dodge: Dodged            |    39 |    60 |   139 |   182 ||   420
Block: Buckler           |     5 |    34 |    66 |    65 ||   170
       Kite shield       |       |       |       |    57 ||    57
       Tower shield      |       |       |       |   163 ||   163

Table legend: (Time is in decaauts)
 A = Elapsed time spent in this place.
 B = Non-inter-level travel time spent in this place.
 C = Inter-level travel time spent in this place.
 D = Time resting spent in this place.
 E = Time spent auto-exploring this place.
 F = Levels seen in this place.
 G = Mean time per level.
                   A        B        C        D        E       F      G
               +--------+--------+--------+--------+--------+-----+--------+
         Total |  17231 |  15933 |   1298 |   2327 |  10534 |  15 | 1148.7 |
       Dungeon |  16021 |  14723 |   1298 |   2176 |   9952 |  12 | 1335.1 |
         Abyss |    100 |    100 |      0 |      0 |     74 |   1 |  100.0 |
       Ossuary |    631 |    631 |      0 |    151 |    323 |   1 |  631.0 |
        Bailey |    477 |    477 |      0 |      0 |    185 |   1 |  477.0 |
               +--------+--------+--------+--------+--------+-----+--------+

Top non-repeatable levels by time:
     D:7: 1788 daAuts
     D:6: 1698 daAuts
    D:10: 1577 daAuts
     D:3: 1424 daAuts
     D:5: 1414 daAuts
     D:1: 1379 daAuts
    D:11: 1327 daAuts
     D:9: 1311 daAuts
     D:2: 1166 daAuts
     D:4: 1114 daAuts
    D:12: 983 daAuts
     D:8: 835 daAuts
 Ossuary: 631 daAuts
  Bailey: 477 daAuts
 Abyss:1: 100 daAuts
